General information
- name: BNet
- type: Ladder team game (AT/RT)
- host: Battle.net
- saver: DougSandhorst
map: Mur'gulOasis
- players: 8
- length: 66:53
- speed: Fast
- version: 1.26 W3XP
- replay type:

» download(699 KB)
Players
team 1 (loser)
bRiSeNoUrS (
green | 52 APM | 3491 actions | 66:42)
7 Tauren Chieftain
3 Endurance Aura
3 War Stomp
1 Reincarnation
3 Shadow Hunter
1 Healing Wave
2 Hex
1 Death Knight
1 Animate Dead
» actions
| Assign group hotkey | 31 | |
| Basic commands | 1 | |
| Build / train | 116 | |
| Enter build submenu | 32 | |
| Enter hero's abilities submenu | 12 | |
| Remove unit from queue | 1 | |
| Right click | 2086 | |
| Select / deselect | 741 | |
| Select group hotkey | 252 | |
| Use ability | 219 | |
3491 total
» units
| Peon | 37 | |
| Wind Rider | 20 | |
| Troll Batrider | 20 | |
| Kodo Beast | 1 | |
| Frost Wyrm | 3 | |
81 total
» upgrades
| Ranged Weapons | 3 | |
| Envenomed Spears | 1 | |
| Armor | 3 | |
| Liquid Fire | 1 | |
| Reinforced Defenses | 1 | |
| Spiked Barricades | 2 | |
| War Drums Damage Increase | 1 | |
12 total
» buildings
| Orc Burrow | 5 | |
| Altar of Storms | 1 | |
| Voodoo Lounge | 1 | |
| Stronghold | 1 | |
| War Mill | 1 | |
| Fortress | 1 | |
| Beastiary | 2 | |
| Great Hall | 2 | |
| Watch Tower | 18 | |
32 total
» build order
00:07 Orc Burrow
00:19 Altar of Storms
01:05 Voodoo Lounge
02:09 Stronghold
02:49 War Mill
03:51 Orc Burrow
04:33 Fortress
04:38 Beastiary
04:39 Beastiary
05:56 Orc Burrow
06:45 Orc Burrow
07:34 Orc Burrow
11:11 Great Hall
19:30 Watch Tower
19:30 Watch Tower
28:08 Great Hall
31:28 Watch Tower
31:30 Watch Tower
31:37 Watch Tower
32:33 Watch Tower
32:39 Watch Tower
36:23 Watch Tower
36:24 Watch Tower
36:28 Watch Tower
37:04 Watch Tower
37:17 Watch Tower
37:20 Watch Tower
37:37 Watch Tower
38:04 Watch Tower
38:05 Watch Tower
38:30 Watch Tower
38:33 Watch Tower
» items
| Healing Salve | 4 | |
| Lesser Clarity Potion | 3 | |
7 total
HedHunter9 (
orange | 57 APM | 2589 actions | 45:40)
5 Death Knight
3 Death Coil
2 Unholy Aura
4 Lich
2 Frost Nova
2 Frost Armor
4 Crypt Lord
2 Impale
2 Spiked Carapace
» actions
| Basic commands | 1 | |
| Build / train | 92 | |
| Enter build submenu | 20 | |
| Enter hero's abilities submenu | 13 | |
| Give item / drop item | 4 | |
| Remove unit from queue | 2 | |
| Right click | 1759 | |
| Select / deselect | 514 | |
| Use ability | 184 | |
2589 total
» units
| Acolyte | 15 | |
| Ghoul | 6 | |
| Crypt Fiend | 13 | |
| Obsidian Statue | 4 | |
| Frost Wyrm | 12 | |
50 total
» upgrades
| Web | 1 | |
| Burrow | 1 | |
| Creature Attack | 3 | |
| Destroyer Form | 1 | |
| Freezing Breath | 1 | |
| Creature Carapace | 3 | |
10 total
» buildings
| Graveyard | 3 | |
| Crypt | 1 | |
| Ziggurat | 7 | |
| Altar of Darkness | 1 | |
| Tomb of Relics | 1 | |
| Nerubian Tower | 2 | |
| Halls of the Dead | 1 | |
| Black Citadel | 1 | |
| Slaughterhouse | 1 | |
| Sacrificial Pit | 1 | |
| Boneyard | 2 | |
| Necropolis | 1 | |
22 total
» build order
00:29 Graveyard
00:31 Crypt
00:55 Graveyard
00:58 Ziggurat
01:04 Graveyard
01:08 Altar of Darkness
01:23 Tomb of Relics
01:34 Ziggurat
01:55 Nerubian Tower
02:30 Nerubian Tower
03:59 Ziggurat
05:37 Halls of the Dead
05:58 Ziggurat
06:00 Nerubian Tower
08:45 Black Citadel
08:50 Slaughterhouse
08:53 Sacrificial Pit
08:55 Ziggurat
10:37 Ziggurat
10:38 Ziggurat
11:07 Boneyard
11:09 Boneyard
28:40 Necropolis
» items
| Rod of Necromancy | 1 | |
| Healing Salve | 1 | |
| Lesser Clarity Potion | 1 | |
| Scroll of Town Portal | 4 | |
| Dust of Appearance | 2 | |
| Potion of Healing | 1 | |
10 total

»
TaN- (
red | 146 APM | 9768 actions | 66:45)
7 Blademaster
3 Wind Walk
3 Critical Strike
1 Bladestorm
3 Pit Lord
2 Rain of Fire
1 Cleaving Attack
» actions
| Assign group hotkey | 1829 | |
| Basic commands | 23 | |
| Build / train | 163 | |
| Enter build submenu | 43 | |
| Enter hero's abilities submenu | 10 | |
| Give item / drop item | 3 | |
| Remove unit from queue | 10 | |
| Right click | 5548 | |
| Select / deselect | 1138 | |
| Select group hotkey | 704 | |
| Use ability | 295 | |
9768 total
» units
| Peon | 15 | |
| Grunt | 4 | |
| Tauren | 13 | |
| Shaman | 2 | |
| Spirit Walker | 5 | |
| Demolisher | 12 | |
| Acolyte | 12 | |
63 total
» upgrades
| Armor | 3 | |
| Shaman Training | 2 | |
| Melee Weapons | 2 | |
| Pulverize | 1 | |
| Spirit Walker Training | 2 | |
| Reinforced Defenses | 1 | |
| Burning Oil | 1 | |
| Ranged Weapons | 2 | |
14 total
» buildings
| Altar of Storms | 1 | |
| Orc Burrow | 8 | |
| Voodoo Lounge | 3 | |
| Barracks | 5 | |
| Stronghold | 2 | |
| War Mill | 1 | |
| Spirit Lodge | 2 | |
| Fortress | 1 | |
| Watch Tower | 10 | |
| Tauren Totem | 2 | |
| Great Hall | 2 | |
| Ziggurat | 1 | |
| Necropolis | 1 | |
| Nerubian Tower | 2 | |
41 total
» build order
00:06 Altar of Storms
00:18 Orc Burrow
00:51 Voodoo Lounge
00:54 Voodoo Lounge
01:28 Barracks
01:29 Barracks
01:55 Orc Burrow
02:28 Barracks
03:09 Stronghold
04:52 Orc Burrow
05:00 War Mill
05:43 Barracks
05:48 Spirit Lodge
05:52 Fortress
06:03 Orc Burrow
06:17 Watch Tower
06:23 Watch Tower
08:25 Tauren Totem
08:27 Tauren Totem
10:43 Orc Burrow
12:49 Orc Burrow
13:56 Watch Tower
14:00 Watch Tower
15:58 Great Hall
16:57 Watch Tower
17:01 Watch Tower
18:03 Watch Tower
18:04 Watch Tower
18:45 Watch Tower
18:48 Watch Tower
23:22 Spirit Lodge
23:29 Barracks
28:53 Voodoo Lounge
38:08 Orc Burrow
38:09 Orc Burrow
50:25 Great Hall
62:40 Ziggurat
63:16 Necropolis
64:54 Nerubian Tower
64:55 Nerubian Tower
» items
| Scroll of Speed | 1 | |
| Healing Salve | 7 | |
| Lesser Clarity Potion | 3 | |
| Potion of Healing | 5 | |
| Scroll of Town Portal | 2 | |
| Orb of Lightning | 1 | |
| Potion of Mana | 1 | |
| Dust of Appearance | 1 | |
21 total
Tougg (
blue | 24 APM | 1579 actions | 66:51)
5 Blademaster
1 Wind Walk
3 Critical Strike
1 Mirror Image
» actions
| Assign group hotkey | 10 | |
| Build / train | 56 | |
| Enter build submenu | 20 | |
| Enter hero's abilities submenu | 5 | |
| Right click | 811 | |
| Select / deselect | 515 | |
| Select group hotkey | 34 | |
| Use ability | 128 | |
1579 total
» units
| Peon | 7 | |
| Grunt | 11 | |
| Wind Rider | 7 | |
| Troll Witch Doctor | 5 | |
| Tauren | 7 | |
| Demolisher | 2 | |
39 total
» upgrades
| Witch Doctor Training | 2 | |
| Pulverize | 1 | |
| Burning Oil | 1 | |
| Pillage | 1 | |
5 total
» buildings
| Altar of Storms | 1 | |
| Orc Burrow | 10 | |
| Barracks | 1 | |
| Voodoo Lounge | 1 | |
| Stronghold | 1 | |
| War Mill | 1 | |
| Fortress | 1 | |
| Beastiary | 2 | |
| Spirit Lodge | 1 | |
| Tauren Totem | 2 | |
21 total
» build order
00:08 Altar of Storms
00:13 Orc Burrow
00:35 Barracks
01:24 Voodoo Lounge
01:53 Orc Burrow
03:47 Orc Burrow
04:27 Orc Burrow
05:54 Stronghold
06:02 Orc Burrow
06:35 War Mill
07:39 Orc Burrow
08:49 Fortress
09:18 Beastiary
09:40 Beastiary
10:58 Spirit Lodge
12:22 Tauren Totem
12:31 Orc Burrow
14:07 Orc Burrow
15:05 Orc Burrow
16:52 Tauren Totem
23:28 Orc Burrow
» items
| Healing Salve | 1 | |
| Scroll of Speed | 1 | |
| Potion of Healing | 1 | |
| Lesser Clarity Potion | 1 | |
4 total
team 2 (winner)
Birdeneering (
teal | 129 APM | 8628 actions | 66:52)
9 Blademaster
3 Wind Walk
3 Critical Strike
1 Bladestorm
2 Mirror Image
» actions
| Assign group hotkey | 1921 | |
| Basic commands | 5 | |
| Build / train | 73 | |
| Enter build submenu | 44 | |
| Enter hero's abilities submenu | 10 | |
| Give item / drop item | 5 | |
| Remove unit from queue | 5 | |
| Right click | 5576 | |
| Select / deselect | 413 | |
| Select group hotkey | 172 | |
| Use ability | 404 | |
8628 total
» units
| Peon | 8 | |
| Troll Batrider | 28 | |
| Kodo Beast | 1 | |
37 total
» upgrades
| Reinforced Defenses | 1 | |
| Spiked Barricades | 1 | |
2 total
» buildings
| Altar of Storms | 1 | |
| Orc Burrow | 5 | |
| War Mill | 1 | |
| Watch Tower | 29 | |
| Stronghold | 1 | |
| Voodoo Lounge | 5 | |
| Fortress | 1 | |
| Beastiary | 1 | |
| Barracks | 1 | |
45 total
» build order
00:07 Altar of Storms
00:18 Orc Burrow
00:33 War Mill
01:44 Watch Tower
02:00 Watch Tower
02:20 Watch Tower
03:23 Stronghold
03:24 Watch Tower
03:47 Voodoo Lounge
04:03 Orc Burrow
04:08 Orc Burrow
04:15 Watch Tower
04:20 Watch Tower
04:46 Watch Tower
04:54 Watch Tower
05:39 Watch Tower
05:52 Fortress
05:57 Beastiary
05:59 Barracks
06:05 Watch Tower
06:43 Watch Tower
06:47 Voodoo Lounge
06:49 Voodoo Lounge
07:17 Watch Tower
08:48 Watch Tower
08:50 Watch Tower
09:57 Voodoo Lounge
09:59 Watch Tower
10:02 Orc Burrow
10:42 Voodoo Lounge
11:41 Watch Tower
11:41 Watch Tower
11:49 Watch Tower
13:00 Watch Tower
13:01 Watch Tower
13:26 Orc Burrow
13:58 Watch Tower
13:58 Watch Tower
16:26 Watch Tower
16:29 Watch Tower
19:31 Watch Tower
19:36 Watch Tower
21:00 Watch Tower
22:51 Watch Tower
22:52 Watch Tower
» items
| Boots of Speed | 1 | |
| Staff of Teleportation | 1 | |
| Lesser Clarity Potion | 5 | |
| Healing Salve | 4 | |
| Scroll of Town Portal | 5 | |
| Orb of Lightning | 1 | |
17 total
DougSandhorst (
yellow | 133 APM | 8900 actions | 66:53)
5 Demon Hunter
3 Mana Burn
2 Evasion
5 Pandaren Brewmaster
3 Breath of Fire
2 Drunken Haze
» actions
| Assign group hotkey | 12 | |
| Basic commands | 2 | |
| Build / train | 71 | |
| Enter build submenu | 29 | |
| Enter hero's abilities submenu | 10 | |
| Give item / drop item | 8 | |
| Right click | 6814 | |
| Select / deselect | 732 | |
| Select group hotkey | 754 | |
| Use ability | 467 | |
8900 total
» units
» upgrades
| Corrosive Breath | 1 | |
| Strength of the Wild | 2 | |
| Ultravision | 1 | |
| Well Spring | 1 | |
| Nature's Blessing | 1 | |
6 total
» buildings
| Altar of Elders | 1 | |
| Moon Well | 16 | |
| Tree of Ages | 1 | |
| Ancient of Wonders | 3 | |
| Tree of Life | 2 | |
| Tree of Eternity | 1 | |
| Ancient of Wind | 1 | |
| Chimaera Roost | 2 | |
| Hunter's Hall | 1 | |
28 total
» build order
00:08 Altar of Elders
00:23 Moon Well
01:26 Moon Well
01:27 Moon Well
01:59 Moon Well
03:54 Moon Well
05:35 Moon Well
05:36 Moon Well
05:36 Moon Well
06:02 Tree of Ages
06:07 Ancient of Wonders
06:21 Ancient of Wonders
07:16 Tree of Life
08:48 Tree of Eternity
08:53 Ancient of Wind
09:49 Moon Well
09:52 Moon Well
10:47 Moon Well
10:47 Moon Well
11:13 Chimaera Roost
11:13 Chimaera Roost
12:06 Hunter's Hall
19:49 Ancient of Wonders
24:12 Tree of Life
27:34 Moon Well
27:35 Moon Well
27:37 Moon Well
27:39 Moon Well
» items
| Boots of Speed | 2 | |
| Staff of Teleportation | 2 | |
| Healing Salve | 3 | |
| Orb of Lightning | 2 | |
| Lesser Clarity Potion | 1 | |
| Scroll of Town Portal | 2 | |
| Staff of Preservation | 2 | |
14 total
nutsurlechin.FR (
purple | 130 APM | 8721 actions | 66:52)
5 Mountain King
3 Storm Bolt
2 Bash
5 Paladin
3 Holy Light
2 Divine Shield
» actions
| Assign group hotkey | 599 | |
| Basic commands | 79 | |
| Build / train | 127 | |
| ESC pressed | 9 | |
| Enter build submenu | 73 | |
| Enter hero's abilities submenu | 10 | |
| Give item / drop item | 3 | |
| Right click | 4897 | |
| Select / deselect | 963 | |
| Select group hotkey | 1193 | |
| Use ability | 766 | |
8721 total
» units
| Peasant | 12 | |
| Dragonhawk Rider | 10 | |
22 total
» upgrades
| Masonry | 2 | |
| Magic Sentry | 1 | |
| Lumber Harvesting | 1 | |
| Cloud | 1 | |
| Animal War Training | 1 | |
| Swords | 1 | |
| Armor | 1 | |
8 total
» buildings
| Altar of Kings | 2 | |
| Farm | 6 | |
| Lumber Mill | 1 | |
| Scout Tower | 66 | |
| Guard Tower | 54 | |
| Arcane Tower | 4 | |
| Arcane Vault | 1 | |
| Keep | 2 | |
| Arcane Sanctum | 1 | |
| Gryphon Aviary | 2 | |
| Castle | 4 | |
| Barracks | 1 | |
| Blacksmith | 1 | |
145 total
» build order
00:02 Altar of Kings
00:02 Farm
00:06 Altar of Kings
00:24 Lumber Mill
01:30 Farm
01:47 Scout Tower
01:48 Scout Tower
02:13 Guard Tower
02:13 Guard Tower
02:17 Arcane Tower
02:17 Arcane Tower
02:24 Scout Tower
02:25 Scout Tower
02:50 Guard Tower
02:50 Guard Tower
02:51 Guard Tower
02:51 Guard Tower
02:52 Scout Tower
02:54 Scout Tower
03:14 Scout Tower
03:21 Guard Tower
03:22 Guard Tower
03:22 Guard Tower
03:23 Guard Tower
03:24 Scout Tower
04:09 Scout Tower
04:14 Arcane Vault
04:17 Scout Tower
04:18 Guard Tower
04:18 Guard Tower
04:23 Scout Tower
04:40 Arcane Tower
04:40 Arcane Tower
04:46 Scout Tower
04:47 Guard Tower
05:06 Keep
05:09 Scout Tower
05:15 Scout Tower
05:36 Scout Tower
05:44 Scout Tower
05:48 Scout Tower
06:12 Scout Tower
06:13 Guard Tower
06:13 Guard Tower
06:21 Farm
06:24 Scout Tower
06:27 Guard Tower
06:27 Guard Tower
07:05 Scout Tower
07:06 Scout Tower
07:07 Scout Tower
07:09 Guard Tower
07:10 Guard Tower
07:39 Scout Tower
07:41 Scout Tower
07:42 Scout Tower
07:43 Guard Tower
08:10 Scout Tower
08:19 Arcane Sanctum
08:25 Gryphon Aviary
08:41 Scout Tower
08:42 Scout Tower
08:43 Scout Tower
08:47 Scout Tower
09:02 Scout Tower
09:03 Scout Tower
09:04 Scout Tower
09:06 Scout Tower
09:42 Guard Tower
09:42 Guard Tower
09:42 Guard Tower
09:49 Guard Tower
09:49 Guard Tower
09:49 Guard Tower
10:17 Guard Tower
10:17 Guard Tower
10:36 Gryphon Aviary
10:41 Farm
12:06 Scout Tower
12:07 Scout Tower
12:13 Farm
12:14 Farm
12:56 Castle
12:56 Castle
14:00 Guard Tower
18:25 Barracks
18:26 Blacksmith
23:58 Scout Tower
24:00 Scout Tower
24:01 Scout Tower
24:03 Scout Tower
24:04 Scout Tower
24:08 Scout Tower
24:09 Scout Tower
24:14 Scout Tower
24:19 Scout Tower
24:20 Scout Tower
24:23 Scout Tower
24:24 Scout Tower
24:24 Scout Tower
24:26 Scout Tower
25:10 Guard Tower
25:10 Guard Tower
25:23 Guard Tower
25:24 Guard Tower
25:53 Guard Tower
25:53 Guard Tower
25:55 Scout Tower
25:56 Scout Tower
25:59 Scout Tower
26:05 Scout Tower
26:58 Guard Tower
26:58 Guard Tower
26:58 Guard Tower
46:29 Scout Tower
46:31 Scout Tower
46:32 Scout Tower
46:33 Scout Tower
46:33 Scout Tower
46:34 Scout Tower
46:35 Scout Tower
46:36 Scout Tower
46:36 Scout Tower
46:37 Scout Tower
46:38 Scout Tower
46:38 Scout Tower
47:30 Guard Tower
47:40 Guard Tower
47:49 Guard Tower
47:49 Guard Tower
» items
| Lesser Clarity Potion | 1 | |
| Healing Salve | 2 | |
| Orb of Lightning | 3 | |
| Scroll of Town Portal | 2 | |
| Staff of Sanctuary | 1 | |
9 total
timg4strok (
pink | 126 APM | 8441 actions | 66:52)
5 Archmage
3 Blizzard
2 Brilliance Aura
6 Mountain King
3 Storm Bolt
2 Bash
1 Avatar
» actions
| Assign group hotkey | 5 | |
| Basic commands | 36 | |
| Build / train | 94 | |
| ESC pressed | 9 | |
| Enter build submenu | 87 | |
| Enter hero's abilities submenu | 11 | |
| Right click | 5257 | |
| Select / deselect | 393 | |
| Select group hotkey | 1985 | |
| Use ability | 564 | |
8441 total
» units
» upgrades
» buildings
| Altar of Kings | 1 | |
| Farm | 6 | |
| Lumber Mill | 1 | |
| Scout Tower | 83 | |
| Arcane Tower | 3 | |
| Guard Tower | 43 | |
| Keep | 4 | |
| Arcane Sanctum | 1 | |
| Castle | 1 | |
| Arcane Vault | 1 | |
144 total
» build order
00:17 Altar of Kings
00:19 Farm
00:32 Lumber Mill
00:50 Scout Tower
01:11 Scout Tower
01:29 Arcane Tower
01:33 Scout Tower
01:50 Guard Tower
01:50 Guard Tower
02:03 Farm
02:09 Farm
02:18 Guard Tower
02:21 Scout Tower
03:00 Guard Tower
03:00 Scout Tower
03:01 Scout Tower
03:06 Scout Tower
03:23 Scout Tower
03:31 Guard Tower
03:34 Guard Tower
03:38 Scout Tower
03:51 Scout Tower
03:52 Scout Tower
03:52 Scout Tower
03:52 Scout Tower
04:02 Guard Tower
04:03 Scout Tower
04:07 Guard Tower
04:13 Scout Tower
04:15 Keep
04:16 Keep
04:16 Keep
04:24 Guard Tower
04:27 Scout Tower
04:32 Guard Tower
04:36 Scout Tower
04:50 Guard Tower
04:50 Guard Tower
04:51 Guard Tower
04:52 Scout Tower
05:03 Scout Tower
05:03 Scout Tower
05:13 Guard Tower
05:13 Guard Tower
05:42 Scout Tower
05:43 Scout Tower
05:45 Scout Tower
05:49 Arcane Tower
06:02 Guard Tower
06:06 Scout Tower
06:13 Guard Tower
06:14 Guard Tower
06:36 Scout Tower
06:44 Arcane Tower
06:44 Guard Tower
07:01 Arcane Sanctum
07:18 Guard Tower
08:20 Scout Tower
08:20 Scout Tower
08:21 Scout Tower
08:27 Castle
08:52 Guard Tower
08:53 Guard Tower
09:15 Scout Tower
09:16 Scout Tower
09:44 Guard Tower
09:45 Scout Tower
09:46 Scout Tower
09:56 Scout Tower
09:56 Scout Tower
09:57 Scout Tower
10:19 Scout Tower
10:20 Scout Tower
10:21 Guard Tower
10:23 Scout Tower
10:40 Guard Tower
11:01 Guard Tower
11:06 Guard Tower
11:57 Guard Tower
12:01 Scout Tower
12:02 Scout Tower
12:41 Scout Tower
12:44 Scout Tower
12:46 Scout Tower
12:47 Scout Tower
12:54 Arcane Vault
13:39 Guard Tower
14:04 Guard Tower
14:13 Scout Tower
14:13 Scout Tower
14:15 Scout Tower
14:15 Scout Tower
14:26 Farm
14:51 Guard Tower
14:53 Guard Tower
14:54 Scout Tower
14:55 Scout Tower
15:00 Scout Tower
15:01 Scout Tower
16:07 Guard Tower
16:14 Scout Tower
16:15 Scout Tower
16:29 Guard Tower
16:37 Scout Tower
16:38 Scout Tower
16:39 Scout Tower
16:44 Guard Tower
18:05 Guard Tower
18:10 Scout Tower
18:13 Scout Tower
18:13 Scout Tower
18:14 Scout Tower
18:15 Scout Tower
18:17 Guard Tower
18:21 Scout Tower
18:22 Scout Tower
20:15 Guard Tower
21:19 Farm
21:22 Farm
21:25 Scout Tower
21:26 Scout Tower
23:44 Scout Tower
23:45 Scout Tower
23:46 Scout Tower
23:54 Scout Tower
24:17 Scout Tower
24:18 Scout Tower
24:24 Scout Tower
24:27 Scout Tower
24:30 Scout Tower
24:32 Scout Tower
24:42 Guard Tower
24:54 Scout Tower
24:55 Scout Tower
24:55 Scout Tower
25:50 Guard Tower
26:29 Guard Tower
26:33 Scout Tower
26:33 Scout Tower
29:00 Scout Tower
» items
| Boots of Speed | 2 | |
| Staff of Teleportation | 2 | |
| Healing Salve | 2 | |
| Lesser Clarity Potion | 3 | |
| Orb of Lightning | 3 | |
| Staff of Sanctuary | 2 | |
14 total
Chat log
(07:20 / All) bRiSeNoUrS: ty xp
(35:50 / All) TaN-: TTt
(45:00 / All) HedHunter9: regarde je last push seul
(45:28 / All) timg4strok: GG
(45:35 / All) Birdeneering: you're bad
(46:22 / All) Birdeneering: if you played better
(46:24 / All) Birdeneering: you could have won
(64:05 / All) DougSandhorst: bye
(64:26 / All) bRiSeNoUrS: noob game
(64:28 / All) DougSandhorst: lol
(64:31 / All) Birdeneering: yeah u bad
(64:37 / All) bRiSeNoUrS: i not build mass tower
(64:44 / All) DougSandhorst: neither do u kill mass tower
(64:54 / All) Birdeneering: i just make towers
(64:56 / All) Birdeneering: and I win the game
(64:57 / All) Birdeneering: pretty cool
(65:09 / All) TaN-: with 2 hours?
(65:12 / All) DougSandhorst: "now i'm in hevyn" manny says with a laugh
(65:12 / All) TaN-: :D
(65:13 / All) Birdeneering: nope
(65:14 / All) nutsurlechin.FR: the longer the better
(65:14 / All) TaN-: U could win
(65:16 / All) DougSandhorst: as he attends to god and sells him a staff
(65:22 / All) TaN-: With that
(65:27 / All) DougSandhorst: it's quality
(65:29 / All) DougSandhorst: not quantity